 Dungeon Crawl Stone Soup version 0.23-a0-143-g1adec7b (webtiles) character file.

61 Arum the Ducker (level 3, 0/28 HPs)
             Began as a Demonspawn Gladiator on Sept 1, 2018.
             Slain by Sigmund
             ... wielding a +0 scythe
              (12 damage)
             ... on level 2 of the Dungeon.
             The game lasted 00:01:33 (1179 turns).

Arum the Ducker (Demonspawn Gladiator)              Turns: 1179, Time: 00:01:35

Health: 0/28       AC:  4    Str: 15    XL:     3   Next: 83%
Magic:  3/3        EV: 13    Int:  9    God:
Gold:   56         SH:  0    Dex: 14    Spells: 2/2 levels left

rFire    . . .     SeeInvis .     - Unarmed
rCold    . . .     Gourm    .   (no shield)
rNeg     . . .     Faith    .   a - +0 leather armour
rPois    .         Spirit   .   b - +0 helmet
rElec    .         Reflect  .   (no cloak)
rCorr    .         Harm     .   (no gloves)
MR       .....                  (no boots)
Stlth    +.........             (no amulet)
HPRegen  0.09/turn              (no ring)
MPRegen  0.08/turn              (no ring)

@: confused
A: rot immunity
a: no special abilities


You were on level 2 of the Dungeon.
You were hungry.

You visited 1 branch of the dungeon, and saw 2 of its levels.

You collected 56 gold pieces.

Inventory:

Missiles
 c - 3 throwing nets (quivered)
Armour
 a - a +0 leather armour (worn)
 b - a +0 helmet (worn)
Jewellery
 g - an uncursed ring of resist corrosion {unknown}
Scrolls
 e - 3 scrolls of remove curse {unknown}
 f - a scroll of blinking {unknown}
 k - a scroll of teleportation {unknown}
 l - a scroll of enchant armour {unknown}
 m - a scroll of immolation {unknown}
 n - a scroll of magic mapping {unknown}
 o - a scroll of random uselessness {unknown}
 p - 3 scrolls of identify {unknown}
Comestibles
 d - 3 rations


   Skills:
 + Level 2.9 Fighting
 - Level 1.7 Throwing
 + Level 3.3 Dodging
 + Level 3.3 Unarmed Combat


You had 2 spell levels left.
You didn't know any spells.
Your spell library was empty.

Dungeon Overview and Level Annotations

Branches:
Dungeon (2/15)

Altars:

Annotations:
D:2 Sigmund


Innate Abilities, Weirdness & Mutations

You are immune to rotting.


Message History

The worm is almost dead.
Something completely misses you. The worm bites you.
You completely miss the worm.
The worm is almost dead.
Something hits you. The worm bites you but does no damage.
You hit the worm.
The worm is almost dead.
You hit the worm.
The worm is almost dead.
Something hits you! The worm misses you.
You hit the worm.
You kill the worm!
Something hits you.
* * * LOW HITPOINT WARNING * * *
You see here a worm corpse.
You hit something. Something barely misses you.
It was a potion of ambrosia.
You are confused.
You feel invigorated. Something hits you!
You die...

##########
######{@......#
#....<######..#
##....#
#.......
...##...## ##
#...# #....
..... ##.###


There were no monsters in sight!

Vanquished Creatures
  Jessica (D:2)
  A dart slug (D:1)
  A worm (D:2)
  3 leopard geckos (D:1)
  6 goblins (D:1)
  4 hobgoblins (D:1)
  5 kobolds (D:1)
  2 bats (D:1)
  3 frilled lizards (D:1)
  2 rats (D:1)
28 creatures vanquished.

Notes
Turn   | Place    | Note
-------+----------+-------------------------------------------
     0 | D:1      | Arum the Demonspawn Gladiator began the quest for the Orb.
     0 | D:1      | Reached XP level 1. HP: 16/16 MP: 1/1
   202 | D:1      | Gained mutation: You are immune to rotting. [demonic
                  | ancestry]
   202 | D:1      | Reached XP level 2. HP: 19/22 MP: 2/2
   871 | D:1      | Reached XP level 3. HP: 28/28 MP: 3/3
  1155 | D:2      | Noticed Jessica
  1163 | D:2      | Killed Jessica
  1164 | D:2      | Noticed Sigmund
  1179 | D:2      | Slain by Sigmund

Vault maps used:
D:1:      noname_arrival_rooms_in_the_neighbourhood, st_stairs_10,
          minmay_cut_off
D:2:      cheibriados_altar_1, uniq_crazy_yiuf_cottage, uniq_sigmund,
          uniq_jessica

Skill      XL: |  1  2 |
---------------+-------+-----
Dodging        | 3 |  3.3
Unarmed Combat | 3 |  3.3
Fighting       | |  2.9
Throwing       | |  1.7

Action                   || total
-------------------------++-------
Melee: Unarmed           ||   111
       Punch             ||     1
  Use: Potion            ||     3
Armor: Leather armour    ||    26
Dodge: Dodged            ||    71

Table legend:
 A = Non-vault XP
 B = Vault XP
 C = Vault XP percentage of total XP
 D = Non-vault monster count
 E = Vault monster count
 F = Vault count percentage of total count
                 A         B        C        D         E       F
            +---------+---------+-------+---------+---------+-------
      Total |      40 |      48 |  54.5 |      22 |       6 |  21.4
            +---------+---------+-------+---------+---------+-------
        D:1 |      36 |      11 |  23.4 |      21 |       5 |  19.2
        D:2 |       4 |      37 |  90.2 |       1 |       1 |  50.0
            +---------+---------+-------+---------+---------+-------
